 Dungeon Crawl Stone Soup version 0.27-a0-1232-gc6a4cbde82 (webtiles) character file.

Game seed: 13456677485862336719

25 deletemesenpai the Shield-Bearer (level 3, -1/33 HPs)
             Began as a Hill Orc Fighter on June 7, 2021.
             Slain by a ball python (3 damage)
             ... on level 1 of the Dungeon on June 8, 2021.
             The game lasted 00:05:51 (585 turns).

deletemesenpai the Shield-Bearer (Hill Orc Fighter)  Turns: 585, Time: 00:05:52

Health: -1/33      AC:  6    Str: 19    XL:     3   Next: 6%
Magic:  3/3        EV:  7    Int:  8    God:
Gold:   16         SH:  9    Dex: 10    Spells: 2/2 levels left

rFire    . . .     SeeInvis .   j - +0 hand axe
rCold    . . .     Faith    .   c - +0 kite shield
rNeg     . . .     Spirit   .   b - +0 scale mail
rPois    .         Reflect  .   (no helmet)
rElec    .         Harm     .   (no cloak)
rCorr    .         Rampage  .   (no gloves)
Will     .....                  (no boots)
Stlth    ..........             (no amulet)
HPRegen  0.11/turn              (no ring)
MPRegen  0.08/turn              (no ring)

@: no status effects
A: no striking features
a: no special abilities


You were on level 1 of the Dungeon.
You visited 1 branch of the dungeon, and saw 2 of its levels.

You collected 16 gold pieces.

Inventory:

Hand Weapons
 a - a +0 war axe
 h - a +0 hunting sling
 j - a +0 hand axe (weapon)
Missiles
 e - 36 stones
 g - 5 boomerangs (quivered)
 i - 16 bolts
Armour
 b - a +0 scale mail (worn)
 c - a +0 kite shield (worn)
Scrolls
 f - a scroll of identify {unknown}
 k - a scroll of enchant armour {unknown}
Potions
 d - a potion of might
 l - a potion of heal wounds {unknown}


   Skills:
 - Level 3.7 Fighting
 * Level 3.5 Axes
 - Level 3.4 Armour
 + Level 3.9 Shields


You had 2 spell levels left.
You didn't know any spells.
Your spell library was empty.

Dungeon Overview and Level Annotations

Branches:
Dungeon (2/15)

Altars:


Message History

The ball python grabs you. The ball python constricts you.
You hit the ball python but do no damage.
The ball python is heavily wounded.
You block the ball python's attack.
* * * LOW HITPOINT WARNING * * *
The ball python constricts you.
You hit the ball python but do no damage.
The ball python is heavily wounded.
The ball python bites you but does no damage.
The ball python constricts you. You block the ball python's attack.
The ball python constricts you.
You barely miss the ball python.
The ball python is heavily wounded.
The ball python bites you but does no damage.
* * * LOW HITPOINT WARNING * * *
The ball python constricts you. You block the ball python's attack.
* * * LOW HITPOINT WARNING * * *
The ball python constricts you.
You hit the ball python.
The ball python is severely wounded.
The ball python closely misses you. The ball python constricts you.
You barely miss the ball python.
The ball python is severely wounded.
The ball python bites you.
* * * LOW HITPOINT WARNING * * *
The ball python constricts you.
The ball python bites you but does no damage.
The ball python constricts you.
You escape the ball python's grasp.
You block the ball python's attack. The ball python grabs you.
The ball python constricts you.
You escape the ball python's grasp.
The ball python bites you.
* * * LOW HITPOINT WARNING * * *
The ball python grabs you. The ball python constricts you.
You escape the ball python's grasp.
You block the ball python's attack. x2
There is an open door here.
The ball python bites you.
You die...

# #.......###.####..##
######.........# #..#
.......g...##### ##.#
#######....#...# #.########## .#
#....#.#g# #..........# .#
##.....#.# ############## .#
#..####.# #....# .#
##.####'#############.##.#
.########.##...S@............##.#
.ยง.........).................>#..
.#########.#[....#.##########.###
## #.#)....#.# #.... #..######.#
##### ##.######.# #.....##.#
#.....##'####### #.....#........#


You could see a ball python.

Vanquished Creatures
  A dart slug (D:1)
  A ball python (D:1)
  3 endoplasms (D:1)
  2 goblins (D:1)
  4 hobgoblins (D:1)
  5 jackals (D:1)
  A frilled lizard (D:1)
  A kobold (D:1)
  A rat (D:1)
19 creatures vanquished.

Notes
Turn   | Place    | Note
-------+----------+-------------------------------------------
     0 | D:1      | deletemesenpai the Hill Orc Fighter began the quest for the
                  | Orb.
     0 | D:1      | Reached XP level 1. HP: 19/19 MP: 1/1
   212 | D:1      | Upgraded the game from 0.27-a0-1228-gfd60fd639a to
                  | 0.27-a0-1232-gc6a4cbde82
   235 | D:1      | Reached XP level 2. HP: 23/27 MP: 2/2
   553 | D:1      | Reached XP level 3. HP: 8/33 MP: 3/3
   571 | D:1      | HP: 1/33 [ball python (3)]
   585 | D:1      | Slain by a ball python

Illustrated notes

Levels and vault maps discovered:
D:1:      lightli_arrival_boilingwater, layout_basic
D:2:      cheibrodos_greedy_goblins, layout_rooms, serial_shops, shop

Skill      XL: |  1  2 |
---------------+-------+-----
Axes           | 3 |  3.5
Fighting       | |  3.7
Armour         | |  3.4
Shields        | |  3.9

Action                   || total
-------------------------++-------
Melee: War axe           ||    10
       Hand axe          ||    52
Armor: Scale mail        ||    34
Dodge: Dodged            ||    32
Block: Kite shield       ||    45

Table legend: (Time is in decaauts)
 A = Elapsed time spent in this place.
 B = Non-inter-level travel time spent in this place.
 C = Inter-level travel time spent in this place.
 D = Time resting spent in this place.
 E = Time spent auto-exploring this place.
 F = Levels seen in this place.
 G = Mean time per level.
                   A        B        C        D        E       F      G
               +--------+--------+--------+--------+--------+-----+--------+
         Total |    618 |    618 |      0 |     95 |      0 |   2 |  309.0 |
       Dungeon |    618 |    618 |      0 |     95 |      0 |   2 |  309.0 |
               +--------+--------+--------+--------+--------+-----+--------+

Top non-repeatable levels by time:
     D:1: 609 daAuts
     D:2: 8 daAuts
